 Dungeon Crawl Stone Soup version 0.31-a0-702-gf82c85558f (webtiles) character file.

Game seed: 14216046690452027623

21 qw the Shooter (level 2, 0/17 HPs)
             Began as a Gargoyle Hunter on Sept 7, 2023.
             Slain by Duvessa
             ... wielding a +0 short sword
              (8 damage)
             ... on level 4 of the Dungeon.
             The game lasted 00:00:15 (902 turns).

qw the Shooter (Gargoyle Hunter)                     Turns: 902, Time: 00:00:16

Health: 0/17       AC:  7    Str: 14    XL:     2   Next: 83%
Magic:  2/2        EV: 10    Int:  9    God:
Gold:   21         SH:  0    Dex: 13    Spells: 1/1 levels left

rFire   . . .        a - +0 shortbow
rCold   . . .        (shield currently unavailable)
rNeg    + . .        f - +0 ring mail
rPois   inf          (no helmet)
rElec   +            (no cloak)
rCorr   .            (no gloves)
SInv    .            (no boots)
Will    .....        (no amulet)
Stlth   +            (no ring)
HPRegen 0.22/turn    (no ring)
MPRegen 0.08/turn

%: no passive effects
@: no status effects
A: sickness immunity, AC +2, negative energy resistance 1, electricity
resistance, torment resistance 1, petrification resistance
a: no special abilities


You were on level 4 of the Dungeon.
You visited 1 branch of the dungeon, and saw 3 of its levels.

You collected 73 gold pieces.
You spent 52 gold pieces at shops.


Innate Abilities, Weirdness & Mutations

You are immune to sickness and miasma.
Your stone body is resilient. (AC +2)
You are immune to poison.
You resist negative energy. (rN+)
You are resistant to electric shocks. (rElec)
You are resistant to unholy torment.
You are immune to petrification.


   Skills:
 - Level 2.1 Fighting
 - Level 4.8 Ranged Weapons
 + Level 0.0 Armour
 - Level 1.5 Dodging
 - Level 1.1 Stealth


You had one spell level left.
You didn't know any spells.
Your spell library was empty.

Inventory:

Hand Weapons
 a - a +0 shortbow (weapon)
Armour
 f - a +0 ring mail (worn)
Scrolls
 g - 3 scrolls of identify
Potions
 e - a potion of heal wounds

Dungeon Overview and Level Annotations

Branches:
Dungeon (2/15)

Altars:
Cheibriados
Dithmenos

Shops:
D:1 ?

Annotations:
D:4 Dowan, Duvessa


Message History

Dowan mumbles some strange words.
Dowan blinks!
Duvessa hits you with a +0 short sword.
893 ||| DRINKING 2 potions of heal wounds.
You feel much better. Duvessa barely misses you.
Dowan casts a spell.
Dowan blinks!
You shoot an arrow. The arrow hits Duvessa.
Duvessa is heavily wounded.
Duvessa hits you with a +0 short sword! Duvessa hits you but does no damage.
You shoot an arrow.
The arrow hits Duvessa but does no damage.
Duvessa is heavily wounded.
Dowan hisses, "Insulting my beauty only makes me fight harder!"
Duvessa barely misses you.
You shoot an arrow. The arrow hits Duvessa.
Duvessa is heavily wounded.
Dowan gestures at Duvessa while chanting.
Duvessa seems to speed up.
Duvessa hits you but does no damage.
You shoot an arrow. The arrow barely misses Duvessa.
The arrow misses Dowan.
Duvessa barely misses you. Duvessa closely misses you.
You shoot an arrow.
The arrow hits Duvessa but does no damage.
Duvessa is heavily wounded.
Duvessa hits you but does no damage. Duvessa barely misses you.
You shoot an arrow. The arrow hits Duvessa.
Duvessa is heavily wounded.
Duvessa closely misses you. Duvessa hits you with a +0 short sword.
You shoot an arrow. The arrow hits Duvessa.
Duvessa is severely wounded.
Duvessa closely misses you. Duvessa hits you with a +0 short sword.
You shoot an arrow. The arrow hits Duvessa.
Duvessa is severely wounded.
Duvessa barely misses you. Duvessa hits you but does no damage.
Dowan gestures wildly while chanting.
Dowan blinks!
You shoot an arrow. The arrow hits Duvessa.
Duvessa is severely wounded.
Duvessa hits you with a +0 short sword!
You die...

#### ####
#._.###._.##
....8.....#
}.....}..#
....... # ...(
#.#######'###.##
#..@e¤.........#
#####....(.......
#..######..##
#..# .# #..# #..#
.#.# ....# #####


You could see Duvessa (fast).

Vanquished Creatures
  2 ball pythons (D:1)
  2 endoplasms (D:1)
  6 hobgoblins (D:1)
  A jackal (D:1)
  A kobold (D:1)
  A quokka (D:1)
  2 goblins (D:1)
  2 rats (D:1)
17 creatures vanquished.

Notes
Turn   | Place    | Note
-------+----------+-------------------------------------------
     0 | D:1      | qw the Gargoyle Hunter began the quest for the Orb.
     0 | D:1      | Reached XP level 1. HP: 12/12 MP: 1/1
     0 | D:1      | 0 ||| qw: Version: 0.3-a-76-g4403597
     0 | D:1      | 0 ||| qw: Game counter: 821
     0 | D:1      | 0 ||| qw: Melee chars always use a shield: true
     0 | D:1      | 0 ||| qw: God list: Okawaru
     0 | D:1      | 0 ||| qw: Allow faded altars: false
     0 | D:1      | 0 ||| qw: Do Orc after clearing Dungeon:15 true
     0 | D:1      | 0 ||| qw: Do second Lair branch before Depths: true
     0 | D:1      | 0 ||| qw: Lair rune preference: random
     0 | D:1      | 0 ||| qw: Goals: Normal
     0 | D:1      | 0 ||| PLANNING D:1-11
   153 | D:1      | Reached XP level 2. HP: 17/17 MP: 2/2
   797 | D:1      | Found Ytosmaf's Magic Scroll Shop.
   803 | D:1      | 803 ||| BUYING scroll of identify (26 gold).
   803 | D:1      | Bought a scroll of identify for 26 gold pieces
   803 | D:1      | 803 ||| BUYING scroll of identify (26 gold).
   803 | D:1      | Bought a scroll of identify for 26 gold pieces
   803 | D:1      | 803 ||| SHOPLISTING scroll of teleportation (39 gold, have
                  | 21).
   842 | D:1      | 842 ||| UPGRADING to +0 ring mail.
   852 | D:1      | 852 ||| DROPPING +0 leather armour.
   853 | D:1      | 853 ||| DROPPING ring of magical power.
   854 | D:1      | 854 ||| DRINKING 3 inky potions.
   855 | D:1      | 855 ||| READING 4 scrolls of identify.
   855 | D:1      | 855 ||| IDENTIFYING bubbling silvery potion
   856 | D:1      | 856 ||| DROPPING scroll of butterflies.
   857 | D:1      | 857 ||| DROPPING potion of lignification.
   873 | D:2      | You fall into a shaft and drop 2 floors!
   880 | D:4      | Found a snail-covered altar of Cheibriados.
   880 | D:4      | Found a shadowy altar of Dithmenos.
   880 | D:4      | Noticed Duvessa
   880 | D:4      | Noticed Dowan
   881 | D:4      | 881 ||| RETREATING.
   882 | D:4      | 882 ||| Stepping ~*~*~tactically~*~*~ (retreating).
   883 | D:4      | 883 ||| Stepping ~*~*~tactically~*~*~ (retreating).
   884 | D:4      | 884 ||| Stepping ~*~*~tactically~*~*~ (retreating).
   885 | D:4      | 885 ||| Stepping ~*~*~tactically~*~*~ (retreating).
   886 | D:4      | 886 ||| Stepping ~*~*~tactically~*~*~ (retreating).
   892 | D:4      | HP: 2/17 [Duvessa/+0 short sword (5)]
   893 | D:4      | 893 ||| DRINKING 2 potions of heal wounds.
   902 | D:4      | Slain by Duvessa

Levels and vault maps discovered:
D:1:      erik_arrival_triangle_medium, layout_basic, serial_shops, shop,
          chequers_serial_rivers_room_b, minmay_tetromino_o2
D:2:      layout_basic, basic_altar, uniq_robin
D:4:      layout_loops_ring, nicolae_wu_jian_wuxing_cycle,
          makhleb_blood_cavern_becter, gammafunk_temple_overflow_pools,
          uniq_menkaure, uniq_sigmund, uniq_duvessa

Action                     || total
---------------------------++-------
   Fire: Shortbow          ||    57
    Use: Potion            ||     2
         Scroll            ||     1
 Armour: Leather armour    ||     8
         Ring mail         ||    13
  Dodge: Dodged            ||    23

Table legend:
 A = Non-vault XP
 B = Vault XP
 C = Vault XP percentage of total XP
 D = Non-vault monster count
 E = Vault monster count
 F = Vault count percentage of total count
                 A         B        C        D         E       F
            +---------+---------+-------+---------+---------+-------
      Total |      26 |       4 |  13.3 |      15 |       2 |  11.8
            +---------+---------+-------+---------+---------+-------
        D:1 |      26 |       4 |  13.3 |      15 |       2 |  11.8
            +---------+---------+-------+---------+---------+-------
